The ascender, lawful female dwarven Valkyrie -------- |......| ------ |....... #@#%#....>| |....<.| |.....##k ---.---- .....|# # |....|# ### |....|# # ------# ##################### The ascender the Fighter Experience level: 8 Strength: 18 Dexterity: 12 Constitution: 17 Intelligence: 10 Wisdom: 10 Charisma: 9 Health: 0(81) Energy: 16(16) AC: 10 Gold: 0 Moves: 4357 Your Inventory: Weapons b - 2 uncursed +0 daggers (in quiver) Comestibles B - an uncursed lizard corpse Scrolls y - an uncursed scroll of scare monster X - an [uncursed] scroll labeled AQUE BRAGH [of fire] Potions r - an uncursed potion of blindness w - a cursed potion of enlightenment U - an [uncursed] potion of invisibility Rings H - an uncursed ring of slow digestion (on right hand) Wands J - an uncursed wand of polymorph (0:3) Tools k - a blessed bag of holding s - an uncursed stethoscope G - an uncursed blindfold Contents of the bag of holding: 560 gold pieces a cursed amulet of change a cursed amulet of change an [uncursed +0] mummy wrapping 2 [uncursed] cram rations 3 [uncursed] food rations an [uncursed] partly eaten lembas wafer an [uncursed] slime mold an [uncursed] tripe ration an uncursed scroll labeled ANDOVA BEGARIN [of enchant armor] a [cursed] scroll labeled EIRIS SAZUN IDISI [of enchant weapon] an uncursed scroll labeled ELBIB YLOH [of flood] an [uncursed] scroll labeled JUYED AWK YACC [of confuse monster] an uncursed scroll of create monster an uncursed scroll of remove curse a blessed unlabeled scroll [of blank paper] an uncursed unlabeled scroll [of blank paper] a potion of holy water a [blessed] potion of oil an [uncursed] potion of oil a potion of unholy water a cursed ring of polymorph an uncursed ring of shock resistance an uncursed brass lantern 12 [uncursed wax] candles an uncursed looking glass [mirror] an uncursed oil lamp (0:1143) an uncursed +0 pick-axe an uncursed blue gem [sapphire] 2 [uncursed] blue gems [worthless glass] an uncursed orange gem [worthless glass] an uncursed orange gem [jacinth] an uncursed yellow gem [chrysoberyl] 3 uncursed yellow gems [worthless glass] an uncursed yellowish brown gem [worthless glass] Spells known in the end: Name Level Category Fail Memory a - create monster 2 clerical 100% [||||||||] Your skills at the end: Fighting Skills Weapon Skills dagger [Basic] long sword [Skilled] Spellcasting Skills Final Attributes: You were piously aligned. Hunger level was 953. Your alignment was 31 / 31. Monster difficulty range was 1 - 8. Level difficulty was 8. You were immune to cold. You were telepathic. You had infravision. You were stealthy. You had slower digestion. You were fast. Your luck was zero. You are dead. Vanquished creatures: a large mimic 3 small mimics an incubus a crocodile an orc mummy 2 gold golems a lizard 2 imps a wood nymph a mountain nymph 3 Mordor orcs a rock piercer a rock mole 3 yellow lights a gnome lord 2 gnomish wizards a gray ooze a straw golem a paper golem a wax golem a giant ant 4 floating eyes a kitten 2 dwarves a homunculus a kobold shaman 7 hill orcs 2 rothes 5 monkeys 4 dwarf zombies 2 wererats an iguana 3 killer bees a coyote 3 manes a large kobold a hobgoblin a cave spider 2 brown molds a red mold 11 gnomes 13 Keystone Kops 12 garter snakes 2 geckos 3 jackals 2 foxes a kobold 8 grid bugs 3 bats 2 lichens a kobold zombie 3 newts 134 creatures vanquished. Voluntary challenges: You used a wielded weapon 179 times. You read items or engraved 12 times. You put on armor 39 times. You never genocided any monsters. You never polymorphed an object. You changed form 1 time. You used no wishes. You wrote Elbereth's name 1 time. You never encountered a bones level. You never used any Sokoban shortcuts. Dungeon overview: The Dungeons of Doom: levels 1 to 8 Level 1 a fountain a long staircase Level 2 stairs to The Gnomish Mines Level 3 some fountains Level 7 a general store Level 8 <- You were here The Gnomish Mines: levels 3 to 7 Level 3 stairs to The Dungeons of Doom Level 6 (Mine town, cross-aligned altar) some shops, a temple, a magic chest, a fountain, a sink History has recorded: On T:1 you entered the Dungeons of Doom to retrieve the Amulet of Yendor! On T:360 you reached level 2 of The Dungeons of Doom. On T:562 you advanced to experience level 2. On T:569 you reached level 1 of The Gnomish Mines. On T:596 you advanced to experience level 3. On T:615 you reached level 2 of The Gnomish Mines. On T:629 you advanced to experience level 4. On T:707 you reached level 3 of The Gnomish Mines. On T:926 you reached level 4 of The Gnomish Mines. On T:979 you advanced to experience level 5. On T:1177 you advanced to experience level 6. On T:2050 you advanced to experience level 7. On T:2295 you reached level 5 of The Gnomish Mines. On T:2902 you advanced to experience level 8. On T:3267 you reached level 3 of The Dungeons of Doom. On T:3492 you reached level 4 of The Dungeons of Doom. On T:3596 you reached level 5 of The Dungeons of Doom. On T:3689 you reached level 6 of The Dungeons of Doom. On T:4015 you reached level 7 of The Dungeons of Doom. On T:4306 you reached level 8 of The Dungeons of Doom. Latest messages: Wonotobo hits! Wonotobo swings her scimitar. Wonotobo hits! [-13 pts] You turn into a coyote! Your armor falls around you! You can't even move a handspan with this load! You shrink out of your cloak! You drop your gloves and weapon! You rebalance your load. Movement is still difficult. You can no longer hold your shield! Your helmet falls to the ground! Your boots are pushed off your feet! Your movements are only slowed slightly by your load. Wonotobo swings her scimitar. Wonotobo hits! You return to dwarven form! Your movements are now unencumbered. Wonotobo swings her scimitar. Wonotobo hits! You die... Final status: Farvel The ascender the Valkyrie... You died in The Dungeons of Doom on dungeon level 8 with 5260 points, and 560 pieces of gold, after 4357 moves. You were level 8 with a maximum of 81 hit points when you died.